 Dungeon Crawl Stone Soup version 0.25.1-2-g60ff931df9 (webtiles) character file.

Game seed: 9625285586833095971

51881 MajorAdolf the Unseen (level 14, -29/121 HPs)
             Began as a Naga Wanderer on Oct 8, 2020.
             Was a High Priest of Hepliaklqana.
             Annihilated by JustSomeDude's ghost (34 damage)
             ... on level 1 of the Lair of Beasts.
             The game lasted 00:51:26 (26714 turns).

MajorAdolf the Unseen (Naga Wanderer)              Turns: 26714, Time: 00:51:27

Health: -29/121    AC: 22    Str: 15    XL:     14   Next: 61%
Magic:  12/12      EV: 10    Int: 17    God:    Hepliaklqana [*****.]
Gold:   1287       SH: 16    Dex: 13    Spells: 13/13 levels left

rFire    + + .     SeeInvis +   N - +2 war axe (flame)
rCold    + . .     Gourm    .   O - +0 tower shield
rNeg     . . .     Faith    .   o - +3 troll leather armour {Snorg}
rPois    +         Spirit   .   (helmet restricted)
rElec    .         Reflect  .   b - +2 cloak {rF+}
rCorr    +         Harm     .   g - +1 pair of gloves
MR       ++...                  p - +4 naga barding {rF+}
Stlth    ++++++....             (no amulet)
HPRegen  0.70/turn              v - ring of protection from magic
MPRegen  0.13/turn              Y - ring of resist corrosion

@: very slow
A: large, reduced essence, claws 1, horns 1, see invisible, clever 1, cold
resistance 1, deformed body, low mp 1, poison resistance, slowness 2, slow
metabolism 1, spit poison 1, constrict 1, AC +4
a: Spit Poison, Recall Ancestor, Ancestor Identity, Transference, Idealise,
Renounce Religion


You were on level 1 of the Lair of Beasts.
You worshipped Hepliaklqana.
Hepliaklqana was extremely pleased with you.
You were hungry.

You visited 4 branches of the dungeon, and saw 16 of its levels.
You also visited: Ossuary and Volcano.

You collected 1287 gold pieces.

Inventory:

Hand Weapons
 m - a +2 whip of electrocution
 r - a +2 demon whip of flaming
 t - a +2 hand axe of freezing
 u - a +1 antimagic spear
 D - a +2 arbalest of flaming
 G - a +1 spear of venom
 N - a +2 war axe of flaming (weapon)
 X - a +2 quarterstaff of flaming
Missiles
 L - 49 bolts
Armour
 b - a +2 cloak of fire resistance (worn)
 g - a +1 pair of gloves (worn)
 o - a +3 troll leather armour (worn) {Snorg}
 p - a +4 naga barding of fire resistance (worn)
 q - +0 fire dragon scales
 O - a +0 tower shield (worn)
Jewellery
 v - a ring of protection from magic (left hand)
 Q - an uncursed ring of protection from cold
 U - the ring of Nagi {Ice rN+++ Dex-2 Stlth+}
   (You found it on level 3 of the Lair of Beasts)

   [ring of ice]

   It enhances your ice magic.
   It affects your dexterity (-2).
   It makes you vulnerable to fire.
   It protects you from cold.
   It renders you almost immune to negative energy.
   It makes you more stealthy.
 Y - a ring of resist corrosion (right hand)
Wands
 A - a wand of random effects (11)
 F - a wand of flame (64)
 H - a wand of acid (13)
 J - a wand of iceblast (12)
 M - a wand of clouds (4)
 S - a wand of disintegration (23)
Scrolls
 c - 4 scrolls of identify
 d - a scroll of fog
 e - 6 scrolls of remove curse
 s - a scroll of fear
 x - a scroll of immolation
 B - 8 scrolls of teleportation
 I - 3 scrolls of magic mapping
Potions
 h - 3 potions of invisibility
 i - 5 potions of stabbing
 j - 3 potions of flight
 k - 3 potions of brilliance
 l - a potion of cancellation
 n - a potion of berserk rage
 w - a potion of curing
 E - 3 potions of heal wounds
 K - 2 potions of haste
 T - 2 potions of resistance {unknown}
 W - a potion of experience {unknown}
 Z - 2 potions of might {unknown}
Miscellaneous
 a - a tin of tremorstones (3/3)
 R - a lightning rod (4/4)
Comestibles
 f - 35 rations


   Skills:
 + Level 11.0 Fighting
   Level 3.0 Long Blades
 + Level 13.2 Axes
 - Level 1.0 Crossbows
 + Level 8.1 Dodging
 + Level 17.1 Stealth
 + Level 9.3 Shields


You had 13 spell levels left.
You didn't know any spells.
Your spell library contained the following spells:

 Spells                   Type           Power        Failure   Level  Hunger
 Freeze                   Ice            #...         69%         1    ##.....
 Frozen Ramparts          Ice            #.....       96%         3    ####...
 Ozocubu's Armour         Chrm/Ice       #.......     96%         3    ####...
 Hailstorm                Conj/Ice       #.......     100%        4    #####..
 Summon Ice Beast         Ice/Summ       #.......     100%        4    #####..


Dungeon Overview and Level Annotations

Branches:
Dungeon (8/15)             Temple (1/1) D:4            Lair (6/6) D:8
 Shoals (0/4) Lair:2        Snake (0/4) Lair:4        Slime (1/5) Lair:6
Ossuary (visited)         Volcano (visited)

Altars:
Ashenzari
Cheibriados
Dithmenos
Elyvilon
Fedhas
Gozag
Hepliaklqana
Kikubaaqudgha
Makhleb
Nemelex Xobeh
Okawaru
Qazlal
Ru
Sif Muna
Trog
Uskayaw
Vehumet
Xom
Yredelemnul
Zin
The Shining One

Shops:
D:7 *

Annotations:
D:7 Joseph
Lair:1 JustSomeDude's ghost, journeyman TrMo; LostGamesStreakFreak's ghost, journeyman TrSk; Zeloya's ghost, journeyman KoWn; sixsigma's ghost, journeyman GnWz
Lair:3 exclusion: oklob plant
Lair:5 1 runed translucent door, Qeimiotua's ghost, journeyman MiFi
Lair:6 exclusion: door


Innate Abilities, Weirdness & Mutations

You cannot wear boots.
Your serpentine skin is tough. (AC +4)
You have supernaturally acute eyesight. (SInv)
Armour fits poorly on your strangely shaped body.
Your system is resistant to poisons. (rPois)
You cover ground very slowly.
You have a slow metabolism.
You can spit poison.
You can use your snake-like lower body to constrict enemies.
Your life essence is reduced to manifest your ancestor. (-10% HP)
You have sharp fingernails.
You have a pair of small horns on your head.
Your mind is acute. (Int +2)
Your flesh is cold resistant. (rC+)
Your magical capacity is low. (-10% MP)


Message History

Zeloya's ghost screams, "You will join me soon!"
You block Zeloya's ghost's attack.
JustSomeDude's ghost hits you but does no damage.
You hit JustSomeDude's ghost. You burn JustSomeDude's ghost.
JustSomeDude's ghost is moderately damaged.
Zeloya's ghost opens the door.
You block JustSomeDude's ghost's attack.
You hit JustSomeDude's ghost but do no damage.
JustSomeDude's ghost is moderately damaged.
You barely miss Zeloya's ghost.
Zeloya's ghost is almost destroyed.
You hit JustSomeDude's ghost but do no damage.
JustSomeDude's ghost hits you!!!
* * * LOW HITPOINT WARNING * * *
Unknown command.
You hit Zeloya's ghost but do no damage.
Zeloya's ghost is almost destroyed.
You hit JustSomeDude's ghost but do no damage.
JustSomeDude's ghost hits you!!
You die...

#......###..###.....⌠...##.......
#####.......# ###.........#......
#####...# #.........##.....
###.########....⌠..##.#..
#)#.##............##.⌠.
##[#...................
#...#...⌠..⌠.>.⌠....>.
#...'W................
##.WW@...........##.⌠.
######W######...⌠..######
##..8.#W°###.....)...# #
#8....#5##....[...#### #
?.....#......⌠...## #
♣.....'..#......## #
######⌠.....'........##### #
##.#..#♣.....'..#...#.#...#####
###..##).....#..#.##.###...##R# #


You could see JustSomeDude's ghost, LostGamesStreakFreak's ghost, Zeloya's ghost
and sixsigma's ghost.

Vanquished Creatures
  A fire dragon (Lair:6)
  Snorg (Lair:3)
  Harold (D:8)
  A centaur warrior (Volcano)
  A two-headed ogre (D:8)
  9 death yaks
  An alligator (Lair:6)
  A hell knight (Volcano)
  A necromancer (Lair:6)
  Pikel (D:8)
  A manticore (Lair:6)
  Maurice (D:8)
  9 black mambas
  A torpor snail (Lair:5)
  9 spiny frogs
  2 rime drakes (Lair:3)
  Maggie (D:6)
  A yaktaur (Volcano)
  4 komodo dragons
  8 polar bears
  3 raiju (Lair:6)
  11 blink frogs
  Prince Ribbit (D:6)
  2 slime creatures (Lair:6)
  3 hippogriffs
  4 dream sheep (Lair:6)
  3 hogs
  A wraith (Ossuary)
  4 basilisks
  A human (D:7)
  18 yaks
  Grum (D:5)
  A steam dragon (Lair:6)
  A hungry ghost (D:6)
  Menkaure (D:7)
  10 hell hounds (Lair:6)
  6 wargs (Lair:6)
  2 acid dragons (Lair:6)
  11 water moccasins
  6 porcupines
  A swamp drake (Lair:6)
  A phantom (D:8)
  3 sky beasts
  10 black bears (Lair:6)
  2 slaves (D:8)
  3 ogres
  2 ice beasts (D:7)
  A necrophage (D:7)
  A centaur (Volcano)
  18 wolves
  11 crocodiles
  12 bullfrogs
  A scorpion (Lair:1)
  10 killer bees
  A howler monkey (D:4)
  A jelly (D:6)
  2 wights (Ossuary)
  3 electric eels (Lair:2)
  A hexer (Lair:2)
  A centaur zombie (D:5)
  A bullfrog skeleton (D:6)
  4 orc priests
  A centaur skeleton (D:5)
  10 hounds
  Jessica (D:3)
  An ancestor (D:8)
  5 iguanas
  5 orc wizards
  3 hell rats (Lair:5)
  A worker ant (D:6)
  A wolf simulacrum (Lair:6)
  A mummy (D:6)
  Robin (D:2)
  10 gnolls
  A river rat (Lair:5)
  11 adders
  A shadow imp (D:6)
  An adder skeleton (D:7)
  9 worms
  3 dart slugs
  4 leopard geckos
  22 orcs
  8 ball pythons
  5 bats
  5 giant cockroaches
  16 goblins
  14 hobgoblins
  5 jackals
  10 kobolds
  5 quokkas
  2 ball python skeletons (Ossuary)
  3 frilled lizards
  A hobgoblin zombie (Ossuary)
  A kobold zombie (Ossuary)
  3 orc skeletons (Ossuary)
  An orc zombie (Ossuary)
  11 rats
  A river rat simulacrum (Lair:6)
  2 fungi (Lair:6)
  2 plants
422 creatures vanquished.

Vanquished Creatures (collateral kills)
  A fire dragon (Lair:3)
  A two-headed ogre (D:8)
  4 hydras
  2 death yaks
  A swamp dragon (Lair:6)
  3 spiny frogs
  2 rime drakes
  A komodo dragon (Lair:2)
  A slime creature (Lair:6)
  A polar bear (Lair:6)
  3 blink frogs (Lair:6)
  A dream sheep (Lair:6)
  A raiju (Lair:6)
  A hippogriff (Lair:4)
  Eustachio (D:6)
  4 yaks
  A basilisk (Lair:6)
  An acid dragon (Lair:6)
  4 water moccasins (Lair:4)
  A hell hound (Lair:6)
  A porcupine (Lair:5)
  An ice beast (D:5)
  A black bear (Lair:6)
  A centaur (Volcano)
  A necrophage (D:6)
  An ogre (D:7)
  A crocodile (Lair:3)
  2 gnoll sergeants (D:5)
  A killer bee (D:8)
  A wight (Ossuary)
  3 jellies
  2 gnoll shamans (D:5)
  An orc priest (D:8)
  A hound (D:7)
  A bullfrog zombie (D:5)
  A bullfrog skeleton (D:6)
  2 river rats (Lair:5)
  An adder (Lair:4)
  4 gnolls (D:5)
  An orc (D:8)
  A ball python (Lair:4)
  A fungus (Lair:5)
  2 plants
67 creatures vanquished.

Vanquished Creatures (others)
  A polar bear (Lair:6)
  2 slaves (D:8)
  8 hexers
  10 ancestors
  12 fungi
  25 plants
58 creatures vanquished.

Grand Total: 547 creatures vanquished

Notes
Turn   | Place    | Note
-------+----------+-------------------------------------------
     0 | D:1      | MajorAdolf the Naga Wanderer began the quest for the Orb.
     0 | D:1      | MajorAdolf set off with the following items: a +2 falchion,
                  | 2 potions of lignification, a +0 robe, a +0 dagger, a
                  | ration
     0 | D:1      | Reached XP level 1. HP: 21/21 MP: 1/1
   211 | D:1      | Reached skill level 4 in Stealth
   383 | D:1      | Reached XP level 2. HP: 25/28 MP: 2/2
   806 | D:1      | Reached skill level 5 in Stealth
  1135 | D:2      | Reached XP level 3. HP: 33/34 MP: 3/3
  1395 | D:2      | Reached skill level 6 in Stealth
  1574 | D:2      | Reached XP level 4. HP: 41/42 MP: 4/4
  1890 | D:2      | Noticed Robin
  1894 | D:2      | Reached skill level 7 in Stealth
  1902 | D:2      | Killed Robin
  2884 | D:3      | Reached skill level 8 in Stealth
  2884 | D:3      | Reached XP level 5. HP: 49/49 MP: 5/5
  3496 | D:3      | Found a shattered altar of Ashenzari.
  3497 | D:3      | Found an opulent altar of Gozag.
  3497 | D:3      | Found an ancient bone altar of Kikubaaqudgha.
  3498 | D:3      | Found a blossoming altar of Fedhas.
  3558 | D:3      | Reached skill level 1 in Axes
  3959 | D:3      | Noticed Jessica
  4037 | D:4      | Found a staircase to the Ecumenical Temple.
  4051 | Temple   | Entered the Ecumenical Temple
  4183 | Temple   | Became a worshipper of Hepliaklqana the Forgotten
  4411 | D:4      | Reached XP level 6. HP: 44/50 MP: 6/6
  4421 | D:4      | Found a shadowy altar of Dithmenos.
  4570 | D:4      | Found an iron altar of Okawaru.
  4571 | D:4      | Found a bloodstained altar of Trog.
  4579 | D:3      | Killed Jessica
  4765 | D:3      | Found a sparkling altar of Nemelex Xobeh.
  4962 | D:4      | Found a stormy altar of Qazlal.
  5025 | D:5      | Entered Level 5 of the Dungeon
  5035 | D:5      | Noticed an ice beast
  5793 | D:5      | Reached XP level 7. HP: 55/55 MP: 7/7
  5831 | D:5      | Reached skill level 5 in Axes
  6769 | D:5      | Reached XP level 8. HP: 47/62 MP: 8/8
  6782 | D:5      | Reached skill level 1 in Shields
  6809 | D:5      | HP: 2/62 [gnoll (9)]
  7238 | D:5      | Noticed Grum
  7247 | D:5      | Killed Grum
  7591 | D:6      | Found a sand-covered staircase.
  7610 | Ossuary  | Entered an ossuary
  7837 | Ossuary  | Noticed a flying skull
  7837 | Ossuary  | Noticed a wraith
  7843 | Ossuary  | Noticed a flying skull
  7893 | Ossuary  | Noticed a wraith
  7907 | Ossuary  | Noticed a wraith
  7924 | Ossuary  | Noticed a flying skull
  8039 | Ossuary  | Killed a wraith
  8039 | Ossuary  | Reached XP level 9. HP: 14/68 MP: 9/9
  8398 | D:6      | Reached * piety under Hepliaklqana
  8432 | D:6      | Reached skill level 9 in Stealth
  8483 | D:6      | Noticed Maggie
  8491 | D:6      | Killed Maggie
  8545 | D:6      | Noticed Eustachio
  8559 | D:6      | Killed Eustachio
  8780 | D:6      | Noticed Prince Ribbit
  8789 | D:6      | Killed Prince Ribbit
  8789 | D:6      | Reached skill level 10 in Stealth
  9615 | D:6      | Found a glowing silver altar of Zin.
  9797 | D:7      | Reached skill level 5 in Fighting
  9950 | D:6      | Reached XP level 10. HP: 23/79 MP: 10/10
 10447 | D:7      | Reached skill level 11 in Stealth
 11306 | D:7      | Noticed Joseph
 11762 | D:6      | Reached skill level 10 in Axes
 11954 | D:7      | Noticed Menkaure
 11964 | D:7      | Killed Menkaure
 12333 | D:7      | Reached skill level 5 in Shields
 12495 | D:7      | Found Alijic's General Store.
 12509 | D:7      | Gained mutation: You have sharp fingernails. [potion of
                  | mutation]
 12509 | D:7      | Gained mutation: Your spells are a little harder to cast,
                  | but a little more powerful. [potion of mutation]
 12510 | D:7      | Lost mutation: Your spells are a little harder to cast, but
                  | a little more powerful. [potion of mutation]
 12510 | D:7      | Gained mutation: You are frail. (-10% HP) [potion of
                  | mutation]
 12510 | D:7      | Gained mutation: You have an increased reservoir of magic.
                  | (+10% MP) [potion of mutation]
 12511 | D:7      | Lost mutation: You have an increased reservoir of magic.
                  | (+10% MP) [potion of mutation]
 12511 | D:7      | Lost mutation: You are frail. (-10% HP) [potion of
                  | mutation]
 12511 | D:7      | Gained mutation: Your magical capacity is low. (-10% MP)
                  | [potion of mutation]
 12511 | D:7      | Gained mutation: Your mind is acute. (Int +2) [potion of
                  | mutation]
 12511 | D:7      | Gained mutation: You have a pair of small horns on your
                  | head. [potion of mutation]
 12511 | D:7      | Gained mutation: Your flesh is cold resistant. (rC+)
                  | [potion of mutation]
 12802 | D:8      | Noticed a two-headed ogre
 12813 | D:8      | Killed a two-headed ogre
 12936 | D:8      | Noticed Pikel
 12958 | D:8      | Killed Pikel
 12958 | D:8      | Reached skill level 12 in Stealth
 13372 | D:8      | Found a staircase to the Lair.
 13372 | D:8      | Noticed Maurice
 13377 | D:8      | Noticed a two-headed ogre
 13385 | D:8      | Killed a two-headed ogre
 13385 | D:8      | Reached XP level 11. HP: 89/89 MP: 9/9
 13388 | D:8      | Killed Maurice
 13540 | D:8      | Noticed Harold
 13565 | D:8      | Killed Harold
 13657 | D:8      | Got a scorched leather armour
 13668 | D:8      | Identified the +3 leather armour of the Equator {rPois
                  | Int+4} (You found it on level 8 of the Dungeon)
 13889 | D:8      | Found a shimmering altar of Xom.
 13991 | Lair:1   | Entered Level 1 of the Lair of Beasts
 14004 | Lair:1   | Reached ** piety under Hepliaklqana
 14006 | Lair:1   | Remembered your ancestor Publius as a hexer
 14465 | Lair:1   | Noticed an eight-headed hydra
 14474 | Lair:1   | Killed a four-headed hydra
 14474 | Lair:1   | Reached skill level 13 in Stealth
 14755 | Lair:1   | Noticed a five-headed hydra
 14766 | Lair:1   | Killed a one-headed hydra
 15530 | Lair:1   | Found a runed translucent gate.
 15530 | Lair:1   | Found a runed translucent gate.
 15530 | Lair:1   | Found a runed translucent gate.
 15531 | Lair:1   | Noticed sixsigma's ghost (journeyman GnWz)
 15542 | Lair:1   | Noticed JustSomeDude's ghost (journeyman TrMo)
 15542 | Lair:1   | Noticed Zeloya's ghost (journeyman KoWn)
 15542 | Lair:1   | Noticed LostGamesStreakFreak's ghost (journeyman TrSk)
 15555 | Lair:1   | Noticed a seven-headed hydra
 15590 | Lair:1   | Killed a three-headed hydra
 15907 | Lair:1   | Reached XP level 12. HP: 37/99 MP: 10/10
 17061 | Lair:2   | Found a staircase to the Shoals.
 17120 | Lair:2   | Reached skill level 5 in Dodging
 17775 | Lair:2   | Noticed a death yak
 17775 | Lair:2   | Noticed a death yak
 17775 | Lair:2   | Noticed a death yak
 17775 | Lair:2   | Noticed a death yak
 17775 | Lair:2   | Noticed a death yak
 17775 | Lair:2   | Noticed a death yak
 17903 | Lair:2   | Reached skill level 14 in Stealth
 18094 | Lair:2   | Reached *** piety under Hepliaklqana
 18225 | Lair:2   | Killed a death yak
 18232 | Lair:2   | Killed a death yak
 18553 | Lair:2   | Killed a death yak
 19218 | Lair:1   | Killed a death yak
 19592 | Lair:2   | Killed a death yak
 20040 | Lair:3   | Found a dark tunnel.
 20046 | Volcano  | Entered a volcano
 20228 | Volcano  | Noticed a centaur warrior
 20245 | Volcano  | HP: 6/153 [centaur warrior/+1 great mace of flaming (10)]
 20256 | Volcano  | Killed a centaur warrior
 20259 | Volcano  | HP: 7/153 [something (16)]
 20676 | Volcano  | Noticed a hell knight
 20686 | Volcano  | Killed a hell knight
 20910 | Lair:3   | Noticed Snorg
 20925 | Lair:3   | Killed Snorg
 21048 | Lair:3   | Gained mutation: You can use your snake-like lower body to
                  | constrict enemies. [Naga growth]
 21048 | Lair:3   | Reached XP level 13. HP: 93/108 MP: 11/11
 21050 | Lair:3   | Reached skill level 15 in Stealth
 21633 | Lair:3   | Noticed a fire dragon
 21659 | Lair:3   | Killed a fire dragon
 21771 | Lair:3   | Got a scorched lead ring
 22005 | Lair:4   | Found a staircase to the Snake Pit.
 22238 | Lair:4   | Reached **** piety under Hepliaklqana
 22472 | Lair:4   | Identified the ring of Nagi {Ice rN+++ Dex-2 Stlth+} (You
                  | found it on level 3 of the Lair of Beasts)
 23167 | Lair:5   | Reached skill level 10 in Fighting
 23460 | Lair:5   | Found a runed translucent door.
 23460 | Lair:5   | Noticed Qeimiotua's ghost (journeyman MiFi)
 23875 | Lair:6   | Entered Level 6 of the Lair of Beasts
 23949 | Lair:6   | Reached skill level 16 in Stealth
 24056 | Lair:6   | Reached ***** piety under Hepliaklqana
 24647 | Lair:6   | Found a staircase to the Slime Pits.
 24668 | Lair:6   | Reached XP level 14. HP: 107/119 MP: 12/12
 25775 | Lair:6   | Reached skill level 17 in Stealth
 26453 | Lair:6   | Identified a scroll of acquirement
 26527 | Slime:1  | Entered Level 1 of the Pits of Slime
 26528 | Slime:1  | Noticed an azure jelly
 26558 | Lair:5   | Acquired a +2 naga barding of fire resistance
 26713 | Lair:1   | HP: 5/121 [JustSomeDude's ghost (40)]
 26714 | Lair:1   | Annihilated by JustSomeDude's ghost

Illustrated notes

Levels and vault maps discovered:
D:1:      saegor_arrival_miasma, layout_loops_cross
D:2:      layout_basic, minmay_pentomino_w4, uniq_robin
D:3:      layout_loops_ring, nicolae_overflow_hidden_temple,
          chequers_temple_overflow_statue_of_worship, serial_forest,
          infiniplex_forest_lined_corner, infiniplex_forest_pool,
          infiniplex_forest_end_double, infiniplex_forest_straight_2,
          infiniplex_forest_clump_double, infiniplex_forest_straight_4,
          first_ration, minmay_three_crescents, uniq_jessica
D:4:      layout_basic, grunt_temple_overflow_bloody_war,
          overflow_temple_1_default, nicolae_dithmenos_shadow_blocks,
          minmay_temple_entry_grid
D:5:      layout_cave_pools, serial_gnoll_camp, gnoll_camp_mini_hut,
          gnoll_camp_mini_hut, grums_kennel, gnoll_camp_medium_02,
          gnoll_camp_mini_house, minmay_misc_feat_pillars, st_stairs_12
D:6:      layout_loops_corners, zin_treasury, gup_ossuary_entry_pyramid,
          uniq_eustachio, uniq_prince_ribbit1, uniq_maggie
D:7:      layout_rooms, serial_shops, shop, grunt_livestock, st_stairs_11,
          serial_bayou_pond_c, uniq_menkaure, uniq_joseph
D:8:      layout_loops_cross, kennysheep_little_box, lair_entry_dummy,
          uniq_pikel, uniq_maurice, uniq_harold
Temple:   zaba_magenta_temple
Lair:1:   layout_cave_pods, gammafunk_ghost_cemetery, grunt_megastairs_3
Lair:2:   layout_regular_city, elwin_shoals_entry_rocks, serial_bayou,
          serial_bayou_pond_b, serial_bayou_pond_c, serial_bayou_lagoon_a,
          serial_bayou_crossing, serial_bayou_shore_a, serial_bayou_lake_a
Lair:3:   dragon1_lemuel, layout_regular_city, enter_volcano_2,
          chequers_serial_rivers_micro_c, minmay_lair_oklob_bushes, uniq_snorg
Lair:4:   layout_cave_pods, minmay_snake_entry_six_corridors,
          infiniplex_staircase_pool, grunt_megastairs_5
Lair:5:   wander_river, layout_hall_layers, ebering_ghost_inner_flame,
          st_stairs_5, kennysheep_abandoned_house
Lair:6:   hangedman_lair_caniforms_friends, layout_regular_city,
          guppyfry_lair_end_dragon, minmay_slime_entry_pillars,
          eino_house_with_fridge
Slime:1:  layout_caves

Skill      XL: |  1  2  3  4  5  6  7  8  9 10 11 12 13 14 |
---------------+-------------------------------------------+-----
Stealth        | 4 5 6 8 10 12 13 14 16 17 | 17.1
Axes           | 2 4 6 8 9 10 11 12 13 | 13.2
Shields        | 2 4 5 6 7 8 9 |  9.3
Fighting       | 5 6 8 9 10 11 | 11.0
Dodging        | 3 4 6 7 8 |  8.1
Long Blades    | |  3.0
Crossbows      | |  1.0

Action                   |  1- 3 |  4- 6 |  7- 9 | 10-12 | 13-15 || total
-------------------------+-------+-------+-------+-------+-------++-------
Melee: Falchion          |    55 |    98 |       |       |       ||   153
       Hand axe          |       |    89 |   165 |       |       ||   254
       Flail             |       |       |    29 |       |       ||    29
       Spear             |       |       |     4 |       |       ||     4
       War axe           |       |       |    99 |   411 |   639 ||  1149
       Headbutt          |       |       |       |    61 |   152 ||   213
       Constrict         |       |       |       |       |   128 ||   128
Invok: Recall Ancestor   |       |       |     2 |     2 |     1 ||     5
       Ancestor Life: He |       |       |       |     1 |       ||     1
 Abil: Spit Poison       |     4 |    21 |    10 |    11 |     1 ||    47
Evoke: Wand              |       |       |     8 |    32 |     2 ||    42
       Lightning rod     |       |       |       |     4 |       ||     4
  Use: Scroll            |       |     7 |     2 |    17 |     6 ||    32
       Potion            |       |       |     6 |    10 |     1 ||    17
 Stab: Sleeping          |     7 |    10 |    11 |    15 |    31 ||    74
       Distracted        |     1 |     2 |     2 |     6 |    17 ||    28
       Confused          |       |       |       |     9 |     6 ||    15
  Eat: Chunk             |     1 |    12 |    11 |    17 |    15 ||    56
       Ration            |       |       |     1 |     3 |       ||     4
Armor: Robe              |    13 |    61 |    77 |    39 |       ||   190
       Skin              |       |       |    20 |    11 |       ||    31
       Leather armour    |       |       |       |    43 |       ||    43
       Troll leather arm |       |       |       |     2 |   155 ||   157
Dodge: Dodged            |    26 |    90 |    88 |   131 |   189 ||   524
Block: Kite shield       |       |       |   118 |   182 |    76 ||   376
       Tower shield      |       |       |       |       |   312 ||   312
       Rpst.: Falchion   |    10 |    15 |       |       |       ||    25
